 Dungeon Crawl Stone Soup version 0.30.0-5-g1a98f26d00 (webtiles) character file.

Game seed: 661350172233512436

127 Charmandara the Sneak (level 4, -2/58 HPs)
             Began as an Armataur Delver on May 6, 2023.
             Was an Initiate of Ru.
             Slain by a gnoll
             ... wielding a +0 spear
              (7 damage)
             ... on level 2 of the Dungeon on May 10, 2023.
             The game lasted 00:05:14 (870 turns).

Charmandara the Sneak (Armataur Delver)              Turns: 870, Time: 00:05:15

Health: -2/58      AC:  4    Str: 20    XL:     4   Next: 85%
Magic:  4/4        EV:  9    Int: 10    God:    Ru [......]
Gold:   53         SH:  0    Dex: 11    Spells: 3/3 levels left

rFire   + .          .
                       - Unarmed
rCold   . . .        (no shield)
rNeg    . . .        a - +0 leather armour
rPois   .            (no helmet)
rElec   .            (no cloak)
rCorr   .            (no gloves)
SInv    .            (no barding)
Will    .....        (no amulet) Stlth
                     h - ring of protection from fire
HPRegen 0.29/turn    (no ring)
MPRegen 0.09/turn

%: roll
@: berserking, silenced, very quick
A: large, rugged brown scales 3, deformed body, armoured tail, roll, long
tongue, awkward tongue
a: Renounce Religion


You were on level 2 of the Dungeon.
You worshipped Ru.
Ru was noncommittal.
You visited 1 branch of the dungeon, and saw 4 of its levels.

You collected 53 gold pieces.

Inventory:

Armour
 a - a +0 leather armour (worn)
 g - a +0 chain mail
 k - a +0 buckler
Jewellery
 h - a ring of protection from fire (left hand)
Wands
 f - a wand of digging (3)
Scrolls
 b - a scroll of fog
 c - a scroll of magic mapping
 d - a scroll of fear
 i - a scroll of identify
Potions
 e - a potion of haste


   Skills:
 - Level 2.6 Fighting
 - Level 1.3 Dodging
 - Level 5.4 Stealth
 + Level 4.6 Unarmed Combat


You had 3 spell levels left.
You didn't know any spells.
Your spell library was empty.

Dungeon Overview and Level Annotations

Branches:
Dungeon (5/15)
 Temple: D:4-7

Altars:
Ru
Yredelemnul


Innate Abilities, Weirdness & Mutations

You are completely covered in rugged brown scales. (AC +3, +7% HP)
Armour fits poorly on your strangely shaped body.
You have a long armoured tail.
You roll when moving toward enemies. (Rampage)
Your long tongue fully drains potion bottles. (2x potion effects)
Your tongue gives you trouble enunciating. (1.5x scroll delay)


Message History

Okay, then.
Okay, then.
As you slowly read the scroll labelled YXITUIR ZEAVY, it crumbles to dust.
A profound silence engulfs you.
It was a scroll of silence.
The gnoll hits you with a +0 spear!
You closely miss the gnoll. The gnoll hits you with a +0 spear.
The gnoll closely misses you.
You hit the gnoll.
Your tail-slap misses the gnoll.
The gnoll is moderately wounded.
The gnoll hits you with a +0 spear!
The gnoll hits you from afar with a +0 spear.
The gnoll barely misses you.
You roll towards the gnoll!
You barely miss the gnoll.
The gnoll is moderately wounded.
The gnoll hits you with a +0 spear!
* * * LOW HITPOINT WARNING * * *
It was a potion of berserk rage.
A red film seems to cover your vision as you go berserk!
You feel yourself moving faster!
You feel mighty!
You slurp down every last drop of the potion of berserk rage!
The gnoll hits you with a +0 spear.
* * * LOW HITPOINT WARNING * * *
You punch the gnoll!
You kill the gnoll!
You hit the gnoll.
The gnoll is lightly wounded.
You barely miss the gnoll.
The gnoll is lightly wounded.
The gnoll closely misses you.
You barely miss the gnoll.
The gnoll is lightly wounded.
The gnoll hits you with a +0 flail!
* * * LOW HITPOINT WARNING * * *
The gnoll barely misses you.
You closely miss the gnoll.
The gnoll is lightly wounded.
You punch the gnoll!
The gnoll is almost dead.
The gnoll hits you from afar with a +0 spear!
You die...

#...##.####.#.#
#. .#.. #.#.##
.### #)...# .#
#.#####.#
........#
.#####..###
#8.8#....#
###...###8.#
+..._.@gg).#
###...###8.#
#8.8# ...#
#####..### g..


gg.. ##### You could see 2 gnolls.

Vanquished Creatures
  An orc wizard (D:4)
  3 gnolls
  2 adders
  An adder zombie (D:2)
  A dart slug (D:3)
  6 orcs
  2 bats
  A bat skeleton (D:2)
  4 endoplasms
  2 giant cockroaches
  2 goblins
  A hobgoblin (D:2)
  3 ball pythons
  A frilled lizard (D:3)
  A quokka zombie (D:2)
31 creatures vanquished.

Vanquished Creatures (others)
  An orc wizard (D:4)
1 creature vanquished.

Grand Total: 32 creatures vanquished

Notes
Turn   | Place    | Note
-------+----------+-------------------------------------------
     0 | D:5      | Charmandara the Armataur Delver began the quest for the
                  | Orb.
     0 | D:5      | Reached XP level 1. HP: 19/19 MP: 1/1
    51 | D:4      | Found a sacrificial altar of Ru.
    59 | D:4      | Became a worshipper of Ru the Awakened
   105 | D:5      | Noticed a gnoll bouda
   120 | D:4      | Reached XP level 2. HP: 7/26 MP: 2/2
   201 | D:4      | Found a basalt altar of Yredelemnul.
   223 | D:4      | Reached XP level 3. HP: 12/32 MP: 3/3
   229 | D:4      | HP: 1/32 [something/puff of flame (7)]
   314 | D:4      | Upgraded the game from 0.30.0 to 0.30.0-5-g1a98f26d00
   454 | D:4      | Reached XP level 4. HP: 37/39 MP: 4/4
   842 | D:2      | Found a faded altar of an unknown god.
   870 | D:2      | Slain by a gnoll

Illustrated notes

Levels and vault maps discovered:
D:2:      layout_basic, basic_altar, serial_undead, serial_undead_f,
          serial_undead_d, serial_undead_d, serial_undead_d, serial_undead_a,
          dreamdust_ecumenical_altar_angels_and_demons, serial_shops, shop,
          grunt_ministairs_4, serial_bayou_pond_e, minmay_misc_feat_tower,
          uniq_jessica
D:3:      layout_loops_ring, mainiacjoe_overflow_24_doors, nrook_mini_vaults,
          nrook_mini_backslash, grunt_ministairs_15,
          hangedman_decor_peaks_small, grunt_decor_mini_mirrors, minivault_5,
          minmay_misc_feat_enclosed, kennysheep_pointless_box,
          minmay_misc_feat_rows, uniq_robin, uniq_ijyb
D:4:      layout_loops_cross, yredelemnul_altar_generic,
          mainiacjoe_overflow_surrounded_room, grunt_decor_resistance
D:5:      layout_rooms, minmay_temple_entry_antechambers, uniq_eustachio,
          uniq_crazy_yiuf_cottage, uniq_edmund, uniq_grinder

Skill      XL: |  1  2  3  4 |
---------------+-------------+-----
Unarmed Combat | 2 3 4 |  4.6
Fighting       | |  2.6
Dodging        | |  1.3
Stealth        | |  5.4

Action                     |  1- 3 |  4- 6 || total
---------------------------+-------+-------++-------
  Melee: Unarmed           |    44 |    81 ||   125
         Tailslap          |     8 |    12 ||    20
         Punch             |     2 |     2 ||     4
    Use: Potion            |     1 |     2 ||     3
         Scroll            |       |     2 ||     2
   Stab: Sleeping          |     3 |     3 ||     6
 Armour: Leather armour    |     8 |    30 ||    38
  Dodge: Dodged            |     9 |    38 ||    47
